 Dungeon Crawl Stone Soup version 0.29.1-15-g9cfb28693d (webtiles) character file.

Game seed: 2322028268126075256

116 Gustavia the Cudgeller (level 5, -1/48 HPs)
             Began as an Ogre Gladiator on Mar 23, 2023.
             Killed by divine providence
             ... invoked by an orc priest
              (12 damage)
             ... on level 3 of the Dungeon on Mar 24, 2023.
             The game lasted 00:08:11 (3407 turns).

Gustavia the Cudgeller (Ogre Gladiator)             Turns: 3407, Time: 00:08:12

Health: -1/48      AC:  7    Str: 30    XL:     5   Next: 0%
Magic:  5/5        EV: 10    Int:  8    God:
Gold:   110        SH:  0    Dex:  9    Spells: 4/4 levels left

rFire   . . .      SeeInvis .   a - +0 flail
rCold   . . .      Faith    .   (no shield)
rNeg    . . .      Spirit   .   b - +0 robe
rPois   .          Reflect  .   c - +0 hat
rElec   .          Harm     .   (no cloak)
rCorr   .          Rampage  .   (gloves unavailable)
Will    .....      Clarity  +   (boots unavailable)
Stlth   +.........              (no amulet)
HPRegen 0.16/turn               f - +6 ring of strength
MPRegen 0.09/turn               g - +4 ring of protection

@: no status effects
A: large, unfitting armour, tough skin 1, clarity, frail 1, strong 1, subdued
magic 2
a: no special abilities


You were on level 3 of the Dungeon.
You visited 1 branch of the dungeon, and saw 3 of its levels.

You collected 110 gold pieces.

Inventory:

Hand Weapons
 a - a +0 flail (weapon)
Missiles
 d - 3 throwing nets (quivered)
 e - a large rock
Armour
 b - a +0 robe (worn)
 c - a +0 hat (worn)
 o - an orb of mayhem
Jewellery
 f - a +6 ring of strength (left hand)
 g - a +4 ring of protection (right hand)
Scrolls
 h - a scroll of magic mapping
 n - a scroll of immolation
 r - a scroll of silence
Potions
 k - a potion of invisibility
 l - a potion of curing
 m - 3 potions of mutation
 p - a potion of lignification


   Skills:
 + Level 3.9 Fighting
 + Level 3.9 Maces & Flails
 + Level 2.0 Throwing
 + Level 3.4 Dodging
 + Level 0.2 Stealth


You had 4 spell levels left.
You didn't know any spells.
Your spell library contained the following spells:

 Spells                   Type           Power      Damage    Failure   Level
 Sublimation of Blood     Necr           0%         N/A       45%         2
 Wereblood                Tmut           0%         N/A       45%         2
 Ozocubu's Armour         Ice            0%         N/A       71%         3
 Ozocubu's Refrigeration  Ice            0%         4d7       100%        7
 Summon Hydra             Summ           0%         N/A       100%        7


Dungeon Overview and Level Annotations

Branches:
Dungeon (3/15)

Altars:
Wu Jian


Innate Abilities, Weirdness & Mutations

You are too large for most types of armour.
You have tough skin. (AC +1)
You possess an exceptional clarity of mind.
You are frail. (-10% HP)
Your muscles are strong. (Str +4, Int/Dex -1)
Your spells are easier to cast, but less powerful.


Message History

You sock the orc! Your punch misses the orc.
The orc is almost dead.
The orc closely misses you.
The orc priest looks encouraged for a moment.
The orc hits you with a +0 hand axe. The orc hits you but does no damage.
You hit the orc but do no damage.
The orc is almost dead.
The orc hits you but does no damage.
The orc priest hits you but does no damage.
The orc hits you with a +0 hand axe. The orc hits you but does no damage.
You sock the orc!
You kill the orc!
The orc priest barely misses you. The orc hits you with a +0 hand axe.
The orc hits you but does no damage.
The orc priest hits you from afar with a +0 trident.
The orc misses you. The orc closely misses you.
You have reached level 5!
You closely miss the orc. The orc barely misses you.
The orc priest mumbles some strange prayers to Beogh against you.
Pain shoots through your body!
* * * LOW HITPOINT WARNING * * *
The orc hits you but does no damage.
You are confused.
You feel invigorated.
The orc priest hits you from afar with a +0 trident.
* * * LOW HITPOINT WARNING * * *
The orc hits you but does no damage. The orc misses you.
You're too confused to move!
The orc priest looks satisfied for a moment.
The orc hits you with a +0 hand axe.
* * * LOW HITPOINT WARNING * * *
The orc hits you with a +0 hand axe.
* * * LOW HITPOINT WARNING * * *
The orc attacks as you move away! The orc closely misses you.
You feel less invigorated.
You feel less confused.
You closely miss the orc.
The orc priest mumbles some strange prayers to Beogh against you.
Beogh smites you!
You die...

####...♣♣P♣♣.♣
.. P♣♣♣P.
##..♣PP♣♣..P♣.
##......♣..P♣P.
#.♣.......♣P..
#♣P♣....P.....
.P.♣♣.P....#
##.#♣.......# #.
♣♣..P...###.(
#.♣P.♣..@†.....P
#P.♣P.♣ooP..P...
#♣♣.PP..o.PP..P.
.P♣###..##PPP..
### ...# #.##.
..... .# .......
# ........
+........


You could see an orc priest and 2 orcs.

Vanquished Creatures
  Robin (D:2)
  A gnoll (D:3)
  3 adders
  A worm (D:3)
  A dart slug (D:1)
  2 orcs (D:3)
  4 ball pythons
  5 endoplasms
  3 giant cockroaches
  11 goblins
  6 hobgoblins
  6 kobolds
  5 quokkas
  5 bats
  A frilled lizard (D:1)
  3 rats
58 creatures vanquished.

Vanquished Creatures (others)
  8 plants
8 creatures vanquished.

Grand Total: 66 creatures vanquished

Notes
Turn   | Place    | Note
-------+----------+-------------------------------------------
     0 | D:1      | Gustavia the Ogre Gladiator began the quest for the Orb.
     0 | D:1      | Reached XP level 1. HP: 22/22 MP: 1/1
   399 | D:1      | Reached XP level 2. HP: 18/29 MP: 2/2
  1103 | D:1      | Gained mutation: Your spells are a little easier to cast,
                  | but a little less powerful. [potion of mutation]
  1103 | D:1      | Gained mutation: You have hidden genetic defects. [potion
                  | of mutation]
  1103 | D:1      | Gained mutation: Your muscles are strong. (Str +4, Int/Dex
                  | -1) [potion of mutation]
  1103 | D:1      | Gained mutation: You possess an exceptional clarity of
                  | mind. [potion of mutation]
  1134 | D:1      | Reached XP level 3. HP: 37/37 MP: 3/3
  1308 | D:1      | Gained mutation: Your spells are easier to cast, but less
                  | powerful. [hidden defects]
  1362 | D:1      | Found a faded altar of an unknown god.
  1614 | D:2      | Found an ornate altar of the Wu Jian Council.
  2084 | D:2      | Gained mutation: You are frail. (-10% HP) [hidden defects]
  2084 | D:2      | Lost mutation: You have hidden genetic defects. [hidden
                  | defects expressed]
  2417 | D:2      | Noticed Robin
  2420 | D:2      | Reached XP level 4. HP: 40/40 MP: 4/4
  2432 | D:2      | Killed Robin
  3403 | D:3      | Reached XP level 5. HP: 21/48 MP: 5/5
  3407 | D:3      | Killed from afar by an orc priest

Illustrated notes

Levels and vault maps discovered:
D:1:      spicycebolla_arrival_xxxplode, layout_basic,
          dreamdust_ecumenical_altar_hidden_monk_grotto, chequers_big_river
D:2:      layout_basic, basic_altar, uniq_robin
D:3:      wad_woods_settlement, layout_loops_corners, chei_slow_surprise,
          makhleb_altar_promises_db

Skill      XL: |  1  2 |
---------------+-------+-----
Maces & Flails | 3 |  3.9
Dodging        | 3 |  3.4
Fighting       | 3 |  3.9
Throwing       | |  2.0
Stealth        | |  0.2

Action                   |  1- 3 |  4- 6 || total
-------------------------+-------+-------++-------
Melee: Flail             |    96 |    80 ||   176
       Punch             |     1 |     2 ||     3
  Use: Scroll            |     6 |     3 ||     9
       Potion            |     2 |     4 ||     6
Armor: Robe              |    34 |    50 ||    84
Dodge: Dodged            |    68 |    63 ||   131
